 Dungeon Crawl Stone Soup version 0.31-a0-851-g7ff8af7976 (webtiles) character file.

Game seed: 1053541668177857201

844621 Flugkiller the Bringer of Light (level 27, -4/192 HPs)
             Began as a Deep Elf Hunter on Oct 7, 2023.
             Was the Champion of the Shining One.
             Slain by Ignacio
             ... wielding a +5 executioner's axe of pain
              (6 damage)
             ... while petrified
             ... in Pandemonium.
             The game lasted 02:12:54 (77130 turns).

Flugkiller the Bringer of Light (Deep Elf Hunter)  Turns: 77130, Time: 02:12:55

Health: -4/192     AC: 24    Str: 10    XL:     27
Magic:  0/54       EV:  2    Int: 18    God:    the Shining One [******]
Gold:   9548       SH:  0    Dex: 44    Spells: 41/66 levels left

rFire   . . .        s - +9 longbow (holy)
rCold   . . .        (shield currently unavailable)
rNeg    + + +        b - +5 moon troll leather armour {Spirit, Regen++ MP+5}
rPois   ∞            T - +2 hood of the Assassin {Detect Stab+ Stlth++}
rElec   .            S - +2 cloak {rC+}
rCorr   .            K - +2 pair of gloves {Str+3}
SInv    .            Y - +2 pair of boots {Fly}
Will    ++...        B - amulet of faith
Stlth   +++          u - +6 ring of dexterity
HPRegen 2.12/turn    X - +6 ring of dexterity
MPRegen 0.34/turn

%: guardian spirit, faith
@: petrified, flying, contaminated, glowing, studying 4 skills
A: iridescent scales 1, agile 1, poison resistance, screaming 1, cold
vulnerability 1, subdued magic 1, inability to read after injury 1
}: 9/15 runes: decaying, slimy, silver, abyssal, glowing, magical, fiery, dark,
gossamer
a: Renounce Religion, Divine Shield, Cleansing Flame, Summon Divine Warrior


You were in Pandemonium.
You worshipped the Shining One.
The Shining One was exalted by your worship.
You visited 11 branches of the dungeon, and saw 55 of its levels.
You visited Pandemonium 1 time, and saw 24 of its levels.
You visited the Abyss 2 times.
You also visited: Sewer, Gauntlet, Ice Cave and Wizlab.

You collected 12395 gold pieces.
You spent 2847 gold pieces at shops.

Inventory:

Hand Weapons
 s - a +9 longbow of holy wrath (weapon)
   (Okawaru gifted it to you in a Gauntlet)
Missiles
 a - 21 curare-tipped darts
 x - 2 throwing nets
Armour
 b - the +5 moon troll leather armour (worn) {Spirit, Regen++ MP+5}
   (You took it off a moon troll in a wizard's laboratory)

   MP+5:      It affects your magic capacity (+5).
   Regen++:   It increases your rate of health regeneration.
 n - a scarf of resistance
   (You found it in Pandemonium)
 K - a +2 pair of gloves of strength (worn)
   (You found it on level 3 of the Elven Halls)
 S - a +2 cloak of cold resistance (worn)
   (You found it in an ice cave)
 T - the +2 hood of the Assassin (worn) {Detect Stab+ Stlth++}
   (Okawaru gifted it to you on level 2 of the Lair of Beasts)

   Detect:    It allows the wearer to sense nearby creatures.
   Stab+:     It allows the wearer to make particularly effective stabbing
   attacks against helpless or unaware enemies with any weapon.
   Stlth++:   It makes you much more stealthy.
 Y - a +2 pair of boots of flying (worn)
   (You found it on level 5 of the Vaults)
Jewellery
 d - the ring "Ticviddas" {rC+ Int+3}
   (You found it in Pandemonium)

   [ring of protection from cold]

   Int+3:     It affects your intelligence (+3).
   rC+:       It protects you from cold.
 f - the ring of Sorer {rC+ Slay+2}
   (You took it off a draconian scorcher on level 3 of the Realm of Zot)

   [ring of protection from cold]

   Slay+2:    It affects your accuracy & damage with ranged weapons and melee
   (+2).
   rC+:       It protects you from cold.
 i - a ring of see invisible
   (You found it in Pandemonium)
 m - a ring of willpower
   (You found it in a Gauntlet)
 o - a ring of willpower
   (You took it off a rakshasa in Pandemonium)
 p - a ring of protection from fire
   (You found it on level 2 of the Realm of Zot)
 r - the ring "Immij" {Fly Str+7 Dex+4}
   (You found it on level 3 of the Crypt)

   [ring of flight]

   Str+7:     It affects your strength (+7).
   Dex+4:     It affects your dexterity (+4).
   Fly:       It grants you flight.
 u - a +6 ring of dexterity (left hand)
   (You took it off a yaktaur captain in the Arena)
 v - an amulet of guardian spirit
   (You found it in Pandemonium)
 B - an amulet of faith (around neck)
   (You took it off a vault warden on level 5 of the Vaults)
 O - a ring of flight
   (You found it in Pandemonium)
 X - a +6 ring of dexterity (right hand)
   (You took it off a deep elf annihilator on level 3 of the Elven Halls)
Wands
 C - a wand of paralysis (88)
   (You found it on level 6 of the Dungeon)
 G - a wand of iceblast (86)
   (You found it on level 5 of the Dungeon)
 I - a wand of acid (51)
   (You found it on level 8 of the Dungeon)
 L - a wand of digging (30)
   (You found it on level 10 of the Dungeon)
 V - a wand of mindburst (30)
   (You found it on level 1 of the Lair of Beasts)
Scrolls
 e - 8 scrolls of silence
 t - a scroll of teleportation
 y - a scroll of enchant armour
 z - 3 scrolls of blinking
 D - 9 scrolls of poison
 F - 2 scrolls of summoning
 H - 13 scrolls of immolation
 N - 10 scrolls of fear
 U - 14 scrolls of fog
 W - 7 scrolls of vulnerability
 Z - 4 scrolls of revelation
Potions
 c - 11 potions of attraction
 g - 3 potions of enlightenment
 h - 8 potions of haste
 j - 2 potions of cancellation
 l - a potion of mutation
 q - 11 potions of curing
 w - 2 potions of heal wounds
 A - 6 potions of ambrosia
 E - 8 potions of lignification
 J - 2 potions of magic
 M - 12 potions of brilliance
Miscellaneous
 k - a tin of tremorstones (2/2)
   (You found it on level 4 of the Vaults)
 P - a phial of floods
   (You found it in a wizard's laboratory)


   Skills:
 + Level 24.6 Fighting
 - Level 20.0 Ranged Weapons
 - Level 11.0 Armour
 - Level 23.0 Dodging
 - Level 10.0 Stealth
 - Level 20.0 Spellcasting
 + Level 17.7 Hexes
 - Level 22.0 Translocations
 + Level 25.7 Invocations
 - Level 12.0 Evocations


You had 41 spell levels left.
You knew the following spells:

 Your Spells              Type           Power      Damage    Failure   Level
a - Dispersal             Tloc           32%        N/A       1%          6
b - Dimensional Bullseye  Hex/Tloc       31%        N/A       0%          4
c - Disjunction           Tloc           32%        N/A       1%          8
d - Enfeeble              Hex            29%        N/A       1%          7

Your spell library contained the following spells:

 Spells                   Type           Power      Damage    Failure   Level
 Apportation              Tloc           100%       N/A       0%          1
 Slow                     Hex            100%       N/A       0%          1
 Blink                    Tloc           100%       N/A       0%          2
 Jinxbite                 Hex            100%       N/A       0%          2
 Lesser Beckoning         Tloc           100%       N/A       0%          2
 Confusing Touch          Hex            58%        N/A       0%          3
 Gell's Gravitas          Tloc           65%        N/A       0%          3
 Sigil of Binding         Hex            58%        N/A       0%          3
 Teleport Other           Tloc           65%        N/A       0%          3
 Tukima's Dance           Hex            58%        N/A       0%          3
 Cause Fear               Hex            29%        N/A       0%          4
 Manifold Assault         Tloc           65%        N/A       0%          4
 Passage of Golubria      Tloc           65%        N/A       0%          4
 Ensorcelled Hibernation  Hex/Ice        76%        N/A       1%          2
 Dazzling Flash           Conj/Hex       76%        N/A       1%          3
 Inner Flame              Hex/Fire       38%        N/A       1%          3
 Summon Guardian Golem    Hex/Summ       38%        N/A       1%          3
 Volatile Blastmotes      Fire/Tloc      88%        2d17      1%          3
 Anguish                  Hex/Necr       19%        N/A       1%          4
 Fulminant Prism          Conj/Hex       19%        3d11      1%          4
 Iskenderun's Mystic Bla  Conj/Tloc      44%        2d10      1%          4
 Vhi's Electric Charge    Tloc/Air       88%        N/A       1%          4
 Metabolic Englaciation   Hex/Ice        19%        N/A       1%          5
 Silence                  Hex/Air        19%        N/A       1%          5
 Yara's Violent Unravell  Hex/Tmut       19%        3d9       1%          5
 Foxfire                  Conj/Fire      52%        2x1d6     2%          1
 Freeze                   Ice            52%        1d6       2%          1
 Kiss of Death            Conj/Necr      52%        2d9       2%          1
 Magic Dart               Conj           52%        1d5       2%          1
 Necrotise                Necr           52%        1d6       2%          1
 Shock                    Conj/Air       52%        1d6       2%          1
 Sting                    Tmut/Pois      52%        1d5       2%          1
 Summon Small Mammal      Summ           52%        N/A       2%          1
 Call Imp                 Summ           26%        N/A       4%          2
 Cigotuvi's Dreadful Rot  Necr/Pois/Air  26%        N/A       4%          2
 Passwall                 Tmut/Erth      10%        N/A       4%          2
 Poisonous Vapours        Pois/Air       26%        N/A       4%          2
 Scorch                   Fire           26%        2d6       4%          2
 Searing Ray              Conj           26%        2d5       4%          2
 Static Discharge         Conj/Air       26%        2-4/arc   4%          2
 Call Canine Familiar     Summ           13%        N/A       9%          3
 Frozen Ramparts          Ice            26%        1d4       9%          3
 Hailstorm                Conj/Ice       13%        3d5       9%          3
 Ignite Poison            Fire/Tmut/Pois 13%        N/A       9%          3
 Mephitic Cloud           Conj/Pois/Air  13%        N/A       9%          3
 Ozocubu's Armour         Ice            13%        N/A       9%          3
 Swiftness                Air            13%        N/A       9%          3
 Vampiric Draining        Necr           13%        2d6       9%          3
 Malign Gateway           Summ/Tloc      22%        N/A       28%         7
 Airstrike                Air            6%         2d(1-17)  30%         4
 Animate Armour           Summ/Erth      26%        N/A       30%         4
 Animate Dead             Necr           13%        N/A       30%         4
 Dispel Undead            Necr           13%        3d9       30%         4
 Flame Wave               Conj/Fire      13%        2d6       30%         4
 Olgreb's Toxic Radiance  Pois           13%        N/A       30%         4
 Sticky Flame             Conj/Fire      13%        2d4       30%         4
 Summon Ice Beast         Ice/Summ       13%        N/A       30%         4
 Summon Lightning Spire   Summ/Air       13%        N/A       30%         4
 Agony                    Necr           13%        N/A       65%         5
 Alistair's Intoxication  Tmut/Pois      8%         N/A       65%         5
 Arcjolt                  Conj/Air       6%         1d16      65%         5
 Borgnjor's Vile Clutch   Necr/Erth      6%         N/A       65%         5
 Fireball                 Conj/Fire      6%         3d5       65%         5
 Freezing Cloud           Conj/Ice/Air   6%         6-21      65%         5
 Iskenderun's Battlesphe  Conj           13%        2d7       65%         5
 Lee's Rapid Deconstruct  Erth           6%         3d6*      65%         5
 Eringya's Noxious Bog    Tmut/Pois      6%         4d6       99%         6
 Plasma Beam              Fire/Air       6%         2x1d17    99%         6
 Simulacrum               Ice/Necr       6%         N/A       99%         6
 Starburst                Conj/Fire      6%         6d4       99%         6
 Summon Cactus Giant      Summ           6%         N/A       99%         6
 Haunt                    Necr/Summ      6%         N/A       100%        7
 Monstrous Menagerie      Summ           6%         N/A       100%        7
 Orb of Destruction       Conj           6%         9d6       100%        7
 Ozocubu's Refrigeration  Ice            6%         4d8       100%        7
 Spellforged Servitor     Conj/Summ      6%         N/A       100%        7
 Summon Hydra             Summ           6%         N/A       100%        7
 Borgnjor's Revivificati  Necr           6%         N/A       100%        8
 Ignition                 Fire           6%         3d4       100%        8
 Lehudib's Crystal Spear  Conj/Erth      6%         10d3      100%        8
 Maxwell's Capacitive Co  Air            6%         ∞         100%        8
 Chain Lightning          Conj/Air       6%         3d8       100%        9
 Death's Door             Necr           6%         N/A       100%        9
 Dragon's Call            Summ           6%         N/A       100%        9
 Polar Vortex             Ice            6%         N/A       100%        9


Dungeon Overview and Level Annotations

Branches:
Dungeon (15/15) Zot: 24071  Temple (0/1) D:4            Lair (5/5) D:8 Zot: 24662
  Swamp (4/4) Lair:3 Zot: 21036  Spider (4/4) Lair:3 Zot: 19846   Slime (5/5) Lair:4 Zot: 24834
    Orc (2/2) D:9 Zot: 9250     Elf (3/3) Orc:2 Zot: 13994  Vaults (5/5) D:13 Zot: 21949
  Crypt (3/3) Vaults:3 Zot: 13887    Tomb (0/3) Crypt:3      Depths (4/4) D:15 Zot: 19727
    Zot (5/5) Depths:4 Zot: 21853   Sewer (visited)           IceCv (visited)
 WizLab (visited)         Gauntlet (visited)

Altars:
Elyvilon
Gozag
Hepliaklqana
Kikubaaqudgha
Makhleb
Okawaru
Ru
Sif Muna
Trog
Xom
Yredelemnul
The Shining One
Jiyva

Shops:
D:6 ?   D:10 *   D:13 *   Orc:2 ((**   Elf:1 ?:=:   Elf:2 :*?*!(   Elf:3 [
Vaults:4 =

Portals:
Hell: Lair:5 Depths:2 Depths:3 Depths:4
Abyss: Depths:3
Pandemonium: Depths:2
Ziggurat: Depths:4
Trove: Elf:3 (give +4 storm dragon scales)

Annotations:
D:2 exclusion: door
D:3 3 runed translucent doors, dannycarnage's ghost, weakling OpVM
D:7 Joseph
D:8 exclusion: upstairs
D:13 3 runed translucent doors, exclusion: obsidian statue, Fiesu's ghost, journeyman DrCj
Lair:1 2 transporters, WhatIsLove's ghost, journeyman DEFE
Spider:1 2 transporters, AceOff's ghost, journeyman FoFi
Elf:1 3 runed translucent doors
Elf:2 3 runed translucent doors
Vaults:2 36 runed doors
Vaults:3 3 runed translucent doors, Kamets Paeg's ghost, master HuCj
Crypt:2 1 runed translucent door
Zot:2 exclusion: upstairs
Zot:3 3 runed translucent doors, Vanouxzi's ghost, master DsGl
Pan 1 transporter, Ignacio


Innate Abilities, Weirdness & Mutations

You are partially covered in iridescent scales. (AC +2)
You are agile. (Dex +4, Str/Int -1)
Your system is resistant to poisons. (rPois)
You occasionally shout uncontrollably at your foes.
You are vulnerable to cold. (rC-)
Your spells are a little easier to cast, but a little less powerful.
You occasionally lose the ability to read scrolls when taking damage.


Message History

The sixfirhy hits you but does no damage.
You hear a loud "Zot"! x2; The Tzitzimitl roars!
You hear a croak.
You hear a screech!
The demonspawn corrupter shouts!
The shadow demon gives a loud, deep croak!
The rust devil screeches!
Your limbs are stiffening.
An Ice Fiend comes into view.
Unknown command.
Unknown command.
You shoot an arrow. The arrow hits the sixfirhy!!
You kill the sixfirhy!
The Shining One accepts your kill.
You are engulfed in whirling frost.
The demonspawn corrupter dies!
The demonspawn corrupter's corpse dissolves into shadows!
You hear a loud "Zot"!
The shadow demon gives a loud, deep croak!
The orange demon screeches!
You have turned to stone.
You are engulfed in whirling frost.
The shadow demon dies!
The shadow demon dissolves into shadows!
The demonspawn blood saint dissolves into shadows!
The orange demon dies!
The Ice Fiend claws you. The Ice Fiend freezes you!!! The Ice Fiend claws you.
The Ice Fiend freezes you!!
You are engulfed in whirling frost.
You hear a loud "Zot"! x2
The power of Zot is invoked against you!
You are contaminated with residual magic.
The Ice Fiend claws you but does no damage. x2
You are engulfed in whirling frost.
Your surroundings suddenly seem different.
Ignacio and a soul eater come into view.
Ignacio is wielding a +5 executioner's axe of pain.
Found a potion of curing, 8 stones and a potion of might.
Found a gate leading to another region of Pandemonium.
Ignacio hits you with a +5 executioner's axe of pain! x2
Ignacio hits you but does no damage. x2
Ignacio gestures.
Ignacio seems to speed up.
Ignacio hits you but does no damage.
Ignacio hits you with a +5 executioner's axe of pain.
Ignacio hits you with a +5 executioner's axe of pain!
Ignacio barely misses you.
The soul eater hits you but does no damage.
Ignacio hits you with a +5 executioner's axe of pain.
Ignacio hits you but does no damage.
Ignacio hits you with a +5 executioner's axe of pain!
Ignacio hits you but does no damage.
Ignacio hits you with a +5 executioner's axe of pain!
Ignacio hits you but does no damage.
Ignacio hits you with a +5 executioner's axe of pain!
Ignacio hits you but does no damage.
Ignacio hits you with a +5 executioner's axe of pain! x2
* * * LOW HITPOINT WARNING * * *
Ignacio hits you but does no damage.
Ignacio hits you with a +5 executioner's axe of pain.
* * * LOW HITPOINT WARNING * * *
The soul eater hits you.
You feel your willpower return.
Ignacio hits you with a +5 executioner's axe of pain. x2
* * * LOW HITPOINT WARNING * * *
Ignacio hits you but does no damage.
Ignacio hits you with a +5 executioner's axe of pain!
* * * LOW HITPOINT WARNING * * *
Ignacio hits you with a +5 executioner's axe of pain!
* * * LOW HITPOINT WARNING * * *
Ignacio hits you with a +5 executioner's axe of pain.
* * * LOW HITPOINT WARNING * * *
Ignacio hits you with a +5 executioner's axe of pain!
* * * LOW HITPOINT WARNING * * *
Ignacio completely misses you.
Ignacio hits you with a +5 executioner's axe of pain!
* * * LOW HITPOINT WARNING * * *
Ignacio hits you with a +5 executioner's axe of pain!
* * * LOW HITPOINT WARNING * * *
Ignacio hits you but does no damage.
Ignacio hits you with a +5 executioner's axe of pain.
* * * LOW HITPOINT WARNING * * *
The soul eater hits you but does no damage.
Ignacio hits you but does no damage. x2
Ignacio hits you with a +5 executioner's axe of pain!
* * * LOW HITPOINT WARNING * * *
Ignacio hits you but does no damage.
Ignacio says, "I enjoy death.
I like the smell.
I like the greasy feel of cooling blood."
Ignacio hits you with a +5 executioner's axe of pain.
* * * LOW HITPOINT WARNING * * *
Ignacio hits you but does no damage.
Ignacio hits you with a +5 executioner's axe of pain!
* * * LOW HITPOINT WARNING * * *
Ignacio hits you with a +5 executioner's axe of pain.
* * * LOW HITPOINT WARNING * * *
Ignacio hits you with a +5 executioner's axe of pain.
* * * LOW HITPOINT WARNING * * *
Ignacio hits you with a +5 executioner's axe of pain!
* * * LOW HITPOINT WARNING * * *
Ignacio hits you with a +5 executioner's axe of pain!
* * * LOW HITPOINT WARNING * * *
Ignacio hits you with a +5 executioner's axe of pain!
You die...

###......## #
#......# #
###....# # ###
#....# #! ..#
##....# #^ #.#
#..#..# #= #.#
##.##.## ##
#.######..# ##
#. #@....#..##
#.^
.!....13..#...##
#.^
∩.........#...#
# #§
.......(..#.#.##
#^ #§
........!...#..#
#.#§
...........###)#
##..§
.....)....## #.#
#.^##
..........# #)#
#.§§ .... #.#
##^§


You could see Ignacio (fast) and a soul eater.

Vanquished Creatures
  the Royal Jelly (Slime:5)
  Gloorx Vloq (Pan)
  3 pandemonium lords (Pan)
  Lom Lobon (Pan)
  Mnoleg (Pan)
  4 dread liches
  8 orbs of fire (Zot:5)
  An ancient lich (Zot:5)
  Khufu (Crypt:1)
  Mara (Vaults:3)
  A royal mummy (Crypt:1)
  Sojobo (Depths:4)
  Boris (Depths:3)
  Margery (Vaults:5)
  3 Killer Klowns (Zot:5)
  2 caustic shrikes (Depths:2)
  Frederick (Depths:4)
  The ghost of Yzeiphu the Earth Mage, an adept OpEE of Vehumet (Crypt:1)
  13 golden dragons
  A curse toe (Zot:5)
  4 bone dragons
  2 Brimstone Fiends (Pan)
  3 Tzitzimimeh (Pan)
  3 electric golems
  Jorgrun (Swamp:1)
  2 Ice Fiends (Pan)
  A hellephant (Pan)
  9 tentacled monstrosities
  25 Orb Guardians (Zot:5)
  A Hell Sentinel (Pan)
  A moon troll (WizLab)
  A walking crystal tome (Depths:2)
  8 liches
  13 titans
  16 deep elf master archers
  5 quicksilver dragons
  6 deep elf blademasters
  17 tentacled starspawn
  7 death cobs
  19 Executioners (Pan)
  7 sphinxes
  A thorn hunter (Swamp:4)
  2 ancient champions
  22 acid blobs
  5 tengu reavers
  12 shadow dragons
  Aizul (Orc:2)
  10 storm dragons
  15 azure jellies
  A fenstrider witch (Swamp:1)
  Kirke (Swamp:1)
  A nagaraja (Abyss:3)
  8 demonspawn warmongers (Pan)
  13 rockslimes
  8 draconian monks
  20 vault wardens
  6 ghost moths
  3 emperor scorpions
  8 draconian knights
  15 fire giants
  12 balrugs
  6 deep elf sorcerers
  3 iron dragons
  8 draconian scorchers
  20 frost giants
  4 deep elf elementalists (Elf:3)
  3 draconian shifters
  3 curse skulls
  A caustic shrike zombie (Crypt:2)
  3 orc warlords
  6 draconian annihilators
  A spriggan defender (Depths:3)
  20 cacodemons
  3 ghouls
  7 draconian stormcallers
  An angel (Pan)
  4 demonspawn blood saints (Pan)
  9 war gargoyles
  7 reapers
  6 quicksilver oozes
  9 demonspawn corrupters (Pan)
  22 ironbound preservers
  6 broodmothers
  18 very ugly things
  14 ironbound thunderhulks
  30 stone giants
  8 deep elf demonologists
  7 formless jellyfish
  12 green draconians
  9 black draconians
  8 vampire knights
  11 deep elf annihilators
  13 purple draconians
  6 eleionomae
  10 lorocyprocas (Pan)
  9 demonspawn black suns (Pan)
  14 yellow draconians
  14 white draconians
  17 starcursed masses
  17 dire elephants
  A minotaur (Gauntlet)
  5 bunyips
  12 spark wasps
  6 blizzard demons (Pan)
  16 red draconians
  An eidolon (Crypt:2)
  10 green deaths (Pan)
  3 crystal guardians
  8 deep elf death magi
  16 great orbs of eyes
  10 jiangshi
  5 fire dragons
  A merfolk javelineer (Abyss:3)
  Josephine (D:14)
  4 deep elf high priests
  22 yaktaur captains
  9 ettins
  3 peacekeepers
  6 rakshasas
  A quicksilver dragon zombie (Vaults:4)
  7 entropy weavers
  2 hell beasts (Pan)
  34 vault guards
  2 spriggan skeletons
  3 ghost crabs (Swamp:2)
  A bennu zombie (Crypt:2)
  2 spriggan air magi
  7 ogre magi
  An alligator (shapeshifter) (Vaults:5)
  11 ice dragons
  16 hydras
  2 fenstrider witch skeletons
  2 radroaches
  A two-headed ogre (shapeshifter) (Vaults:5)
  2 catoblepae
  12 ironbound frosthearts
  A radroach (shapeshifter) (Vaults:5)
  5 boulder beetles
  4 jorogumos
  4 two-headed ogres
  10 alligators
  A sphinx skeleton (Crypt:1)
  2 tengu warriors
  16 centaur warriors
  7 orc high priests
  22 demonic crawlers
  4 deep troll earth magi
  5 deep troll shamans
  4 vampire magi
  16 dancing weapons
  A hell hog (Abyss:3)
  8 spriggan berserkers
  Urug (Lair:2)
  A thrashing horror (Abyss:3)
  Sonja (Lair:1)
  33 soul eaters
  26 sun demons (Pan)
  14 deep elf knights
  10 hell knights
  2 skysharks
  7 wretched stars
  10 shadow wraiths
  3 iron trolls (Depths:2)
  6 pharaoh ants
  2 salamander mystics (Depths:2)
  23 sixfirhies
  37 skeletal warriors
  A sun moth (Spider:4)
  A goliath frog (Swamp:1)
  8 shadow demons (Pan)
  2 death drakes (Swamp:1)
  14 glowing orange brains
  3 flayed ghosts (Crypt:2)
  2 storm dragon skeletons
  2 anaconda zombies
  7 bog bodies
  2 spriggan druids
  10 lindwurms
  48 deep trolls
  5 swamp dragons
  11 orb spiders
  2 orange crystal statues
  29 deep elf archers
  13 wizards
  5 orc knights
  A bunyip skeleton (Crypt:1)
  A sphinx simulacrum (Vaults:4)
  12 ironbound convokers
  8 phantasmal warriors
  An anaconda skeleton (Crypt:3)
  29 deep elf zephyrmancers
  6 necromancers
  A harpy (Vaults:3)
  34 large abominations
  3 steelbarb worms
  30 deep elf pyromancers
  16 wolf spiders
  An oklob plant (Lair:1)
  A shadow dragon skeleton (Pan)
  6 cyclopes
  4 orc sorcerers
  9 shining eyes
  2 worldbinders (Abyss:3)
  An iron dragon skeleton (Crypt:3)
  3 will-o-the-wisps
  A frost giant zombie (Vaults:4)
  4 manticores
  35 ugly things
  6 salamanders
  13 moths of wrath
  An elf zombie (Vaults:4)
  3 rust devils (Pan)
  18 elephants
  2 dire elephant zombies
  A stone giant skeleton (Crypt:3)
  A moth of wrath (shapeshifter) (Vaults:5)
  An apocalypse crab (Abyss:3)
  8 centaur zombies (D:11)
  An eye of devastation (shapeshifter) (Vaults:5)
  4 black mambas
  2 guardian serpents (Abyss:3)
  An ice statue (Swamp:4)
  23 vault sentinels
  7 torpor snails
  A black mamba (shapeshifter) (Orc:2)
  8 cane toads
  A naga mage (Abyss:3)
  A spectral iron troll (Crypt:2)
  7 gargoyles
  9 eyes of devastation
  51 smoke demons
  7 komodo dragons
  13 freezing wraiths
  32 yaktaurs
  18 orange demons
  Psyche (D:10)
  6 centaur skeletons (D:11)
  3 unseen horrors
  7 tormentors
  A cane toad (shapeshifter) (Orc:2)
  A hellion (Pan)
  15 rime drakes
  6 efreet
  A catoblepas skeleton (Pan)
  3 spectral deep trolls (Crypt:2)
  3 guardian mummies (Crypt:3)
  2 ancient zymes (Abyss:3)
  9 red devils
  5 ice devils
  3 trolls
  3 bloated husks
  19 polar bears
  8 tyrant leeches
  32 hellwings
  8 meliai
  15 hornets
  A tarantella (shapeshifter) (Depths:4)
  A harpy skeleton (Crypt:3)
  2 harpy zombies
  19 blink frogs
  A raiju (shapeshifter) (Vaults:5)
  A hydra skeleton (Crypt:1)
  22 tarantellas
  Prince Ribbit (Lair:2)
  3 raiju (Abyss:3)
  A culicivora zombie (Crypt:1)
  121 slime creatures
  17 culicivoras
  A meliai zombie (Crypt:2)
  2 black mamba zombies
  38 jumping spiders
  15 shadows
  16 spriggans
  An ettin skeleton (Pan)
  12 flying skulls
  21 ynoxinuls
  15 water elementals
  10 air elementals
  12 wraiths
  4 vampires
  6 wyverns
  39 yaks
  11 small abominations (Abyss:3)
  6 fire elementals
  3 humans (Swamp:1)
  10 fire bats
  5 basilisks
  3 hogs (Swamp:1)
  4 swamp worm simulacra (Swamp:4)
  23 golden eyes
  16 vampire mosquitoes
  A black mamba skeleton (Crypt:3)
  Grum (D:9)
  18 neqoxecs
  2 steam dragons
  19 chaos spawn
  Menkaure (D:7)
  38 redbacks
  A swamp worm (shapeshifter) (Abyss:3)
  11 swamp worms
  3 wargs (Orc:1)
  2 naga zombies (Crypt:1)
  13 hydra simulacra (Swamp:4)
  A naga (Abyss:3)
  A naga (shapeshifter) (D:14)
  19 water moccasins
  7 hell hounds
  2 floating eyes
  5 swamp drakes
  A demonspawn skeleton (Crypt:3)
  28 orc warriors
  Pargi (Sewer)
  3 black bears
  A naga skeleton (Crypt:1)
  A sky beast (shapeshifter) (Abyss:3)
  An ice beast (D:8)
  2 swamp dragon zombies
  A dream sheep zombie (Crypt:1)
  An elephant skeleton (Crypt:2)
  29 wolves
  5 ogres
  15 centaurs
  A phantom (D:6)
  A kobold brigand (D:8)
  A vine stalker zombie (Crypt:2)
  6 bullfrogs
  7 earth elementals
  A gnoll sergeant (D:11)
  2 necrophages
  7 scorpions
  18 wights
  11 killer bees
  2 spriggan zombies
  A human simulacrum (Vaults:4)
  2 howler monkeys
  9 electric eels
  34 orc priests
  A quasit (Abyss:3)
  6 jellies
  3 gnoll boudas
  A jelly (shapeshifter) (Vaults:5)
  An iron imp (Abyss:3)
  2 iguanas
  4 hell rats (Lair:5)
  38 orc wizards
  2 sleepcaps
  8 ogre zombies (D:9)
  A tengu skeleton (Crypt:2)
  12 mummies
  18 gnolls
  A howler monkey skeleton (D:11)
  A gnoll (shapeshifter) (Abyss:3)
  6 adders
  A river rat (D:3)
  3 white imps
  2 ufetubi
  4 swamp drake simulacra (Swamp:4)
  A jelly zombie (Crypt:2)
  3 worms
  3 dart slugs
  A dart slug (shapeshifter) (Abyss:3)
  63 orcs
  5 spectral bats (Abyss:3)
  7 ball pythons
  11 endoplasms
  2 endoplasms (shapeshifter) (Abyss:3)
  4 giant cockroaches
  7 goblins
  A goblin (shapeshifter) (Abyss:3)
  8 hobgoblins
  6 jackals
  3 quokkas
  2 ball pythons (shapeshifter) (Abyss:3)
  A ball python zombie (Crypt:2)
  9 bats
  7 bat simulacra (Abyss:3)
  An endoplasm zombie (Crypt:1)
  2 frilled lizards (shapeshifter) (Abyss:3)
  2 frilled lizards
  A goblin skeleton (D:9)
  2 goblin zombies (D:9)
  2 hobgoblin skeletons (D:9)
  3 hobgoblin zombies (D:9)
  2 kobolds (shapeshifter) (Abyss:3)
  19 kobolds
  2 orc skeletons (D:9)
  15 orc zombies (D:9)
  7 rats
  2 rats (shapeshifter) (Abyss:3)
  A rat skeleton (Crypt:1)
  A fire vortex (Pan)
  2 lurking horrors (Abyss:3)
  15 starspawn tentacles
3165 creatures vanquished.

Vanquished Creatures (collateral kills)
  Cerebov (Pan)
  2 pandemonium lords (Pan)
  2 tentacled monstrosities
  A Hell Sentinel (Pan)
  A death cob (Zot:1)
  2 draconian knights (Zot:1)
  A draconian scorcher (Zot:1)
  A demonspawn warmonger (Pan)
  A balrug (Pan)
  A draconian shifter (Zot:1)
  A draconian stormcaller (Zot:1)
  A cacodemon (Pan)
  A green draconian (Zot:1)
  A sun demon (Pan)
  2 orange demons (Pan)
  A tormentor (Pan)
  A ynoxinul (Pan)
  3 golden eyes (Pan)
  3 neqoxecs (Pan)
  A large abomination (Pan)
28 creatures vanquished.

Vanquished Creatures (others)
  A deep elf blademaster (Crypt:2)
  An Executioner (Pan)
  A green death (Pan)
  A peacekeeper (Vaults:4)
  A sixfirhy (Pan)
  A shadow demon (Pan)
  A moth of wrath (Zot:1)
  A smoke demon (Pan)
  An orange demon (Pan)
  A hellion (Pan)
  A bloated husk (Swamp:4)
  A polar bear (IceCv)
  A red devil (Pan)
  A slime creature (Lair:4)
  A gnoll (D:10)
  9 ball lightnings (Pan)
  12 foxfires
  24 starspawn tentacles
60 creatures vanquished.

Grand Total: 3253 creatures vanquished

Notes
Turn   | Place    | Note
-------+----------+-------------------------------------------
     0 | D:1      | Flugkiller the Deep Elf Hunter began the quest for the Orb.
     0 | D:1      | Reached XP level 1. HP: 12/12 MP: 3/3
   229 | D:1      | Reached XP level 2. HP: 11/17 MP: 4/4
   512 | D:1      | Reached XP level 3. HP: 22/22 MP: 5/5
  1539 | D:2      | Reached XP level 4. HP: 25/27 MP: 6/6
  1731 | D:3      | Found a runed translucent gate.
  1731 | D:3      | Found a runed translucent gate.
  1731 | D:3      | Found a runed translucent gate.
  1735 | D:3      | Noticed dannycarnage's ghost (weakling OpVM)
  2053 | D:3      | Found a glowing drain.
  2059 | Sewer    | Entered a sewer
  2103 | Sewer    | Noticed Pargi
  2126 | Sewer    | Killed Pargi
  2127 | Sewer    | Reached XP level 5. HP: 32/32 MP: 7/7
  2554 | D:3      | Noticed a water moccasin
  2590 | D:4      | Found an iron altar of Okawaru.
  2602 | D:4      | Reached XP level 6. HP: 37/37 MP: 8/8
  2623 | D:4      | Became a worshipper of Warmaster Okawaru
  2689 | D:4      | Found a staircase to the Ecumenical Temple.
  2943 | D:4      | Reached skill level 5 in Dodging
  3296 | D:4      | Found a shimmering altar of Xom.
  3401 | D:5      | Entered Level 5 of the Dungeon
  3410 | D:5      | Found a white marble altar of Elyvilon.
  3416 | D:5      | Reached * piety under Okawaru
  3417 | D:5      | Reached XP level 7. HP: 41/41 MP: 9/9
  3587 | D:5      | Reached skill level 10 in Ranged Weapons
  3703 | D:5      | Reached skill level 2 in Invocations
  3885 | D:5      | Found a basalt altar of Yredelemnul.
  3892 | D:5      | Reached skill level 3 in Invocations
  4171 | D:5      | Found a large runed translucent door.
  4175 | D:5      | Found a large runed translucent door.
  4339 | D:5      | Found an opulent altar of Gozag.
  4363 | D:5      | Found a sacrificial altar of Ru.
  4564 | D:6      | Reached ** piety under Okawaru
  4570 | D:6      | Reached XP level 8. HP: 48/48 MP: 9/12
  4904 | D:6      | Found Gemoji's Magic Scroll Emporium.
  4907 | D:6      | Bought a scroll of enchant armour for 97 gold pieces
  4908 | D:6      | Bought a scroll of enchant weapon for 97 gold pieces
  4971 | D:7      | Noticed Joseph
  5064 | D:6      | Reached skill level 5 in Fighting
  5171 | D:7      | Noticed Menkaure
  5182 | D:7      | Killed Menkaure
  5182 | D:7      | Reached *** piety under Okawaru
  5325 | D:7      | Reached XP level 9. HP: 32/54 MP: 10/13
  5508 | D:7      | Noticed a komodo dragon
  5520 | D:7      | Killed a komodo dragon
  6294 | D:8      | Found a staircase to the Lair.
  6419 | D:8      | Reached **** piety under Okawaru
  6705 | D:8      | Found an ancient bone altar of Kikubaaqudgha.
  6887 | D:8      | Reached skill level 4 in Invocations
  7348 | D:8      | Found a glowing golden altar of the Shining One.
  7376 | D:8      | Reached XP level 10. HP: 58/60 MP: 13/15
  7420 | D:9      | Reached skill level 5 in Invocations
  7579 | D:9      | Reached skill level 6 in Invocations
  7803 | D:9      | Reached ***** piety under Okawaru
  7804 | D:9      | Reached skill level 7 in Invocations
  7873 | D:9      | Found a staircase to the Orcish Mines.
  8166 | D:9      | Noticed Grum
  8192 | D:9      | Killed Grum
  8193 | D:9      | Reached skill level 8 in Invocations
  8511 | D:10     | Entered Level 10 of the Dungeon
  8601 | D:10     | Noticed Psyche
  8866 | D:9      | Received a gift from Okawaru
  8975 | D:10     | Reached skill level 15 in Ranged Weapons
  9035 | D:10     | Killed Psyche
  9074 | D:10     | Found Hutruank's Mass Market.
  9261 | D:10     | Reached XP level 11. HP: 67/67 MP: 19/19
  9274 | D:10     | Noticed a deep elf pyromancer
  9278 | D:10     | Killed a deep elf pyromancer
  9326 | D:10     | Found a hazy altar of Hepliaklqana.
  9717 | D:11     | Received a gift from Okawaru
  9849 | D:11     | Reached skill level 10 in Dodging
 10438 | D:11     | Noticed a skeletal warrior
 10503 | D:11     | Killed a skeletal warrior
 10702 | D:11     | Reached XP level 12. HP: 67/73 MP: 17/20
 10803 | D:11     | Received a gift from Okawaru
 11204 | Lair:1   | Entered Level 1 of the Lair of Beasts
 11274 | Lair:1   | Found a gate leading to a gauntlet.
 11281 | Gauntlet | Entered a Gauntlet
 11281 | Gauntlet | Found a runed translucent door.
 11281 | Gauntlet | Found a transporter.
 11281 | Gauntlet | Found a runed translucent door.
 11288 | Gauntlet | Found a transporter.
 11290 | Gauntlet | Found a transporter.
 11300 | Gauntlet | Found a transporter.
 11303 | Gauntlet | Found a transporter.
 11311 | Gauntlet | Found a transporter.
 11327 | Gauntlet | Found a transporter.
 11334 | Gauntlet | Noticed a catoblepas
 11338 | Gauntlet | Found a transporter.
 11346 | Gauntlet | Noticed a balrug
 11349 | Gauntlet | Found a transporter.
 11354 | Gauntlet | Found a transporter.
 11381 | Gauntlet | Found a transporter.
 11381 | Gauntlet | Found a transporter.
 11432 | Gauntlet | Found a transporter.
 11435 | Gauntlet | Found a transporter.
 11597 | Gauntlet | Reached ****** piety under Okawaru
 11597 | Gauntlet | Received a gift from Okawaru
 11598 | Gauntlet | Reached skill level 9 in Invocations
 11693 | Gauntlet | Acquired a +5 longbow of flaming
 11693 | Gauntlet | Received a gift from Okawaru
 11760 | Gauntlet | Killed a balrug
 11767 | Gauntlet | Identified the ring of Soduef {rC+ Will- Int+6 SInv}
 11874 | Gauntlet | Noticed a minotaur
 11890 | Gauntlet | Killed a minotaur
 11904 | Gauntlet | Got a rare book
 11939 | Lair:1   | Reached skill level 10 in Invocations
 12022 | Lair:1   | Noticed Sonja
 12027 | Lair:1   | Killed Sonja
 12027 | Lair:1   | Received a gift from Okawaru
 12138 | Lair:1   | Noticed WhatIsLove's ghost (journeyman DEFE)
 12207 | Lair:1   | Found a transporter.
 12207 | Lair:1   | Found a transporter.
 12356 | Lair:1   | Reached XP level 13. HP: 80/80 MP: 22/22
 12584 | Lair:2   | Noticed Urug
 12590 | Lair:2   | Noticed Prince Ribbit
 12592 | Lair:2   | Killed Urug
 12593 | Lair:2   | Killed Prince Ribbit
 12595 | Lair:2   | Received a gift from Okawaru
 12922 | Lair:2   | Identified the +0 scale mail of Panentheism {rC+}
 13024 | Lair:2   | Received a gift from Okawaru
 13025 | Lair:2   | Acquired the +2 hood of the Assassin {Detect Stab+ Stlth++}
 13025 | Lair:2   | Received a gift from Okawaru
 13025 | Lair:2   | Found the +2 hood of the Assassin {Detect Stab+ Stlth++}
 13455 | Lair:2   | Reached skill level 1 in Evocations
 13645 | Lair:3   | Found a hole to the Spider Nest.
 13971 | Lair:3   | Received a gift from Okawaru
 14044 | Lair:3   | Found a staircase to the Swamp.
 14074 | Lair:3   | Reached skill level 5 in Stealth
 14456 | Lair:4   | Reached skill level 5 in Evocations
 14764 | Lair:4   | Found a staircase to the Slime Pits.
 14764 | Lair:4   | Found a viscous altar of Jiyva.
 15080 | Lair:4   | Received a gift from Okawaru
 15209 | Lair:5   | Entered Level 5 of the Lair of Beasts
 15321 | Lair:5   | Identified the +0 ring mail of Eternal Vigilance {rElec
                  | rPois Dex+2}
 15391 | Lair:5   | Reached XP level 14. HP: 86/86 MP: 23/23
 15579 | Lair:5   | Reached skill level 10 in Stealth
 15688 | Lair:5   | Received a gift from Okawaru
 15757 | Abyss:3  | Cast into level 3 of the Abyss (a wizard)
 15879 | Abyss:3  | Noticed a tentacled starspawn
 15896 | Abyss:3  | Noticed a cacodemon
 16030 | Abyss:3  | Noticed a bone dragon
 16034 | Abyss:3  | Found a corrupted altar of Lugonu.
 16080 | Abyss:3  | Killed a bone dragon
 16080 | Abyss:3  | Received a gift from Okawaru
 16107 | Abyss:3  | Reached skill level 11 in Invocations
 16317 | Lair:5   | Escaped the Abyss
 16324 | Lair:5   | Found a burning altar of Makhleb.
 16338 | Lair:5   | Received a gift from Okawaru
 16349 | Lair:5   | Reached skill level 10 in Fighting
 16368 | Lair:5   | Found a gateway to Hell.
 16375 | Lair:5   | Identified the +1 falchion "Eshu" {venom, MP+9}
 17565 | D:13     | Reached skill level 12 in Invocations
 17615 | D:13     | Received a gift from Okawaru
 17701 | D:13     | Reached XP level 15. HP: 93/93 MP: 26/26
 17769 | D:13     | Reached skill level 15 in Dodging
 17778 | D:13     | Found a gate to the Vaults.
 17855 | D:13     | Found a runed translucent gate.
 17856 | D:13     | Found a runed translucent gate.
 17856 | D:13     | Found an opulent altar of Gozag.
 17856 | D:13     | Found a runed translucent gate.
 17859 | D:13     | Found Mocuguen's Assorted Antiques.
 17862 | D:13     | Noticed Fiesu's ghost (journeyman DrCj)
 18253 | D:13     | Found a shimmering blue altar of Sif Muna.
 18468 | D:14     | Noticed Josephine
 18474 | D:14     | Killed Josephine
 18522 | D:14     | Received a gift from Okawaru
 19203 | D:15     | Entered Level 15 of the Dungeon
 19472 | D:15     | Received a gift from Okawaru
 19706 | D:15     | Found a staircase to the Depths.
 20315 | Orc:1    | Entered Level 1 of the Orcish Mines
 20450 | Orc:1    | Paralysed by an ogre mage for 3 turns
 20787 | Orc:2    | Entered Level 2 of the Orcish Mines
 20856 | Orc:1    | Received a gift from Okawaru
 20967 | D:9      | 1
 20967 | D:9      | 2
 20967 | D:9      | 3
 20967 | D:9      | 4
 20967 | D:9      | 5
 21494 | Orc:2    | Reached XP level 16. HP: 48/104 MP: 9/27
 21787 | Orc:2    | Found Rig Nezxoeh's Weapon Shoppe.
 21787 | Orc:2    | Found Doabluo's Antique Weapon Shoppe.
 21788 | Orc:2    | Found Zokengau's General Store.
 21792 | Orc:2    | Found Holaepn's Assorted Antiques.
 21967 | Orc:2    | Found a staircase to the Elven Halls.
 22141 | Elf:1    | Entered Level 1 of the Elven Halls
 22260 | Elf:1    | Noticed Aizul
 22353 | Arena    | Entered the Arena
 22581 | Orc:2    | Found Zokengau's General Store.
 22581 | Orc:2    | Found Holaepn's Assorted Antiques.
 22582 | Orc:2    | Found Rig Nezxoeh's Weapon Shoppe.
 22587 | Orc:2    | Found Doabluo's Antique Weapon Shoppe.
 22614 | Orc:2    | Received a gift from Okawaru
 22739 | Orc:2    | Found a staircase to the Elven Halls.
 23122 | Orc:2    | Killed Aizul
 23509 | Elf:1    | Received a gift from Okawaru
 23608 | Elf:1    | Found Afaidd's Magic Scroll Boutique.
 23762 | Elf:1    | Found Unoosea's Book Emporium.
 23763 | Elf:1    | Found Zeadocuxt's Jewellery Shop.
 23765 | Elf:1    | Found Amunycw's Book Emporium.
 23882 | Elf:1    | Found a runed translucent gate.
 23885 | Elf:1    | Found a runed translucent gate.
 23886 | Elf:1    | Found a runed translucent gate.
 23953 | Elf:2    | Paralysed by an air elemental for 1 turns
 23955 | Elf:2    | Paralysed by an air elemental for 1 turns
 24001 | Elf:2    | Paralysed by an air elemental for 1 turns
 24104 | Elf:2    | Found Qinid's Weapon Boutique.
 24119 | Elf:2    | Found Zanej's Distillery.
 24124 | Elf:2    | Bought a potion of heal wounds for 90 gold pieces
 24124 | Elf:2    | Bought a potion of haste for 180 gold pieces
 24191 | Elf:2    | Found Noiczo's Mayhem Merchandise.
 24198 | Elf:2    | Found Maefief's Book Shop.
 24241 | Elf:2    | Found Ihiqa's Magic Scroll Shoppe.
 24248 | Elf:2    | Bought a scroll of teleportation for 45 gold pieces
 24248 | Elf:2    | Bought a scroll of teleportation for 45 gold pieces
 24501 | Elf:1    | Bought a scroll of blinking for 105 gold pieces
 24501 | Elf:1    | Bought 3 scrolls of fear for 168 gold pieces
 24872 | Elf:2    | Found a runed translucent gate.
 24872 | Elf:2    | Found a runed translucent gate.
 24884 | Elf:2    | Found a runed translucent gate.
 24993 | Elf:2    | Found Lekyupt's General Store.
 25130 | Elf:3    | Entered Level 3 of the Elven Halls
 25132 | Elf:3    | Paralysed by an air elemental for 1 turns
 25216 | Elf:2    | Found an ancient bone altar of Kikubaaqudgha.
 25387 | Elf:3    | Found a portal to a secret trove of treasure.
 25614 | Elf:3    | Received a gift from Okawaru
 25641 | Elf:3    | Reached skill level 1 in Armour
 25757 | Elf:3    | Reached XP level 17. HP: 14/111 MP: 3/28
 26024 | Elf:3    | Noticed a deep elf blademaster
 26029 | Elf:3    | Killed a deep elf blademaster
 26040 | Elf:3    | Noticed a deep elf blademaster
 26041 | Elf:3    | Received a gift from Okawaru
 26049 | Elf:3    | Reached skill level 5 in Armour
 26055 | Elf:3    | Killed a deep elf blademaster
 26105 | Elf:3    | Noticed a deep elf master archer
 26114 | Elf:3    | Killed a deep elf master archer
 26123 | Elf:3    | Noticed a deep elf master archer
 26409 | Elf:3    | Killed a deep elf master archer
 26600 | Elf:3    | Received a gift from Okawaru
 26645 | Elf:3    | Identified the +0 chain mail of Spite {Dex+3}
 26672 | Elf:3    | Identified the +0 rapier "Piak" {flame, Fragile rCorr
                  | Dex+2}
 26677 | Elf:3    | Identified the staff of Purpose {rN+ Dex+3 Necro}
 26680 | Elf:3    | Identified the +5 battleaxe of Ignis's Delight {pain, Str+3
                  | Int+4}
 26684 | Elf:3    | Identified the staff "Lout" {Fly rPois rN+ Necro}
 26691 | Elf:3    | Identified the +9 crystal plate armour of Bogeamish {rPois
                  | Str+4 Int-2}
 26696 | Elf:3    | Identified the staff "Aptotuag" {Fly rN+ Will- Int+4 Hexes
                  | Necro}
 26703 | Elf:3    | Identified the +7 chain mail of Courage {Str+4}
 26710 | Elf:3    | Identified the +0 chain mail of Syndicalism {Stlth+}
 26713 | Elf:3    | Identified the +6 rapier "Eziufu" {heavy, rElec rPois rC-
                  | Int-2}
 26772 | Elf:3    | Identified the staff of Dishonesty {Drain rN+ Str+5 Necro
                  | Earth}
 26851 | Elf:3    | Found Diratomp's Armour Shop.
 26945 | Elf:2    | Bought a scroll of identify for 30 gold pieces
 26945 | Elf:2    | Bought a scroll of identify for 30 gold pieces
 26945 | Elf:2    | Bought a scroll of identify for 30 gold pieces
 26992 | Elf:2    | Bought a scroll of identify for 26 gold pieces
 26992 | Elf:2    | Bought a scroll of identify for 26 gold pieces
 26994 | Elf:2    | Bought a potion of invisibility for 104 gold pieces
 27162 | Elf:3    | Bought a +0 cloak for 58 gold pieces
 27296 | Elf:1    | Bought a ring of poison resistance for 240 gold pieces
 27540 | Swamp:1  | Entered Level 1 of the Swamp
 27623 | Swamp:1  | Noticed Kirke
 27633 | Swamp:1  | Killed Kirke
 27738 | Swamp:1  | Noticed Jorgrun
 27741 | Swamp:1  | Killed Jorgrun
 27929 | Swamp:1  | Received a gift from Okawaru
 28289 | Swamp:2  | Reached skill level 10 in Armour
 28627 | Swamp:2  | Identified the +4 sling of Wyleidyw {flame, rN+}
 28864 | Swamp:3  | Reached XP level 18. HP: 109/116 MP: 25/29
 28924 | Swamp:3  | Reached skill level 1 in Spellcasting
 28932 | Swamp:3  | Received a gift from Okawaru
 28933 | Swamp:3  | Reached skill level 1 in Translocations
 29458 | Swamp:4  | Entered Level 4 of the Swamp
 29565 | Swamp:4  | Reached skill level 5 in Spellcasting
 29726 | Swamp:4  | Found a frozen archway.
 29737 | IceCv    | Entered an ice cave
 29908 | IceCv    | Reached skill level 5 in Translocations
 30016 | IceCv    | Received a gift from Okawaru
 30660 | Swamp:4  | Received a gift from Okawaru
 30903 | Swamp:4  | Got a decaying rune of Zot
 31098 | Spider:1 | Entered Level 1 of the Spider Nest
 31279 | Spider:1 | Reached skill level 10 in Spellcasting
 31573 | Spider:1 | Found a transporter.
 31575 | Spider:1 | Noticed AceOff's ghost (journeyman FoFi)
 31580 | Spider:1 | Found a transporter.
 31763 | Spider:2 | Received a gift from Okawaru
 32681 | Spider:2 | Reached XP level 19. HP: 121/121 MP: 36/36
 33587 | Spider:3 | Reached skill level 10 in Translocations
 33783 | Spider:3 | Received a gift from Okawaru
 34081 | Spider:4 | Entered Level 4 of the Spider Nest
 34773 | Spider:4 | Learned a level 6 spell: Dispersal
 34853 | Spider:4 | Received a gift from Okawaru
 35226 | Spider:4 | Got a gossamer rune of Zot
 35649 | Vaults:1 | Entered Level 1 of the Vaults
 35739 | Vaults:1 | You fall into a shaft and drop 1 floor!
 35768 | Vaults:2 | Received a gift from Okawaru
 36022 | Vaults:1 | Found a magical portal.
 36027 | WizLab   | Entered Lehudib's Moon Base
 36046 | WizLab   | Reached skill level 15 in Fighting
 36065 | WizLab   | Found a transporter.
 36124 | WizLab   | Received a gift from Okawaru
 36135 | WizLab   | Reached XP level 20. HP: 123/129 MP: 35/38
 36301 | WizLab   | Gained mutation: Your body sometimes deteriorates upon
                  | taking damage. [a neqoxec]
 36378 | WizLab   | Gained mutation: You are dopey. (Int -2) [a cacodemon]
 36386 | WizLab   | Gained mutation: Your magical capacity is low. (-10% MP) [a
                  | cacodemon]
 36683 | WizLab   | Received a gift from Okawaru
 36697 | WizLab   | Found a transporter.
 37098 | WizLab   | Identified the ring "Cemaoqim" {*Slow Fly rN+ SInv}
 37145 | WizLab   | Got a rare book
 38168 | Vaults:2 | Identified the +7 mace of Gloom {freeze, rN+ Int+2 Dex+5}
 38176 | Vaults:2 | Received a gift from Okawaru
 38520 | Vaults:2 | Identified the +0 falchion "Uppoat" {flame, rN+ rCorr
                  | Int+4}
 38639 | Vaults:2 | Received a gift from Okawaru
 38949 | Vaults:2 | Found a huge runed gate.
 38949 | Vaults:2 | Found a huge runed gate.
 38949 | Vaults:2 | Found a huge runed gate.
 38949 | Vaults:2 | Found a huge runed gate.
 38949 | Vaults:2 | Found a huge runed gate.
 38949 | Vaults:2 | Found a huge runed gate.
 38949 | Vaults:2 | Found a huge runed gate.
 38950 | Vaults:2 | Found a huge runed gate.
 38950 | Vaults:2 | Found a huge runed gate.
 38950 | Vaults:2 | Found a huge runed gate.
 38955 | Vaults:2 | Found a huge runed gate.
 38955 | Vaults:2 | Found a huge runed gate.
 38955 | Vaults:2 | Found a huge runed gate.
 38955 | Vaults:2 | Found a huge runed gate.
 38955 | Vaults:2 | Found a huge runed gate.
 38955 | Vaults:2 | Found a huge runed gate.
 38956 | Vaults:2 | Found a huge runed gate.
 38957 | Vaults:2 | Found a huge runed gate.
 38958 | Vaults:2 | Found a huge runed gate.
 38966 | Vaults:2 | Found a huge runed gate.
 38966 | Vaults:2 | Found a huge runed gate.
 38966 | Vaults:2 | Found a huge runed gate.
 38966 | Vaults:2 | Found a huge runed gate.
 38966 | Vaults:2 | Found a huge runed gate.
 38966 | Vaults:2 | Found a huge runed gate.
 38967 | Vaults:2 | Found a huge runed gate.
 38968 | Vaults:2 | Found a huge runed gate.
 38969 | Vaults:2 | Found a huge runed gate.
 38979 | Vaults:2 | Found a huge runed gate.
 38979 | Vaults:2 | Found a huge runed gate.
 38979 | Vaults:2 | Found a huge runed gate.
 38979 | Vaults:2 | Found a huge runed gate.
 38979 | Vaults:2 | Found a huge runed gate.
 38979 | Vaults:2 | Found a huge runed gate.
 38980 | Vaults:2 | Found a huge runed gate.
 38981 | Vaults:2 | Found a huge runed gate.
 39501 | Vaults:3 | Noticed Mara
 39513 | Vaults:3 | Killed Mara
 39719 | Vaults:3 | Found a staircase to the Crypt.
 39719 | Vaults:3 | Found a basalt altar of Yredelemnul.
 39738 | Vaults:3 | Found an ancient bone altar of Kikubaaqudgha.
 39789 | Vaults:3 | Received a gift from Okawaru
 39795 | Vaults:3 | Reached XP level 21. HP: 126/142 MP: 29/35
 40004 | Vaults:3 | Identified the +4 sling of the Boiling Point {freeze, rElec
                  | rPois Will+ Stlth+}
 40183 | Abyss:3  | Cast into level 3 of the Abyss (vault warden)
 40344 | Abyss:3  | Paralysed by accursed screaming for 2 turns
 40346 | Arena    | Entered the Arena
 40462 | Abyss:3  | Received a gift from Okawaru
 40662 | Abyss:3  | Got an abyssal rune of Zot
 40677 | Vaults:3 | Escaped the Abyss
 40984 | Vaults:3 | Identified the +8 chain mail of Zewnal {Harm Will+ Int-5}
 41154 | Vaults:3 | Found a runed translucent gate.
 41154 | Vaults:3 | Noticed Kamets Paeg's ghost (master HuCj)
 41155 | Vaults:3 | Found a runed translucent gate.
 41155 | Vaults:3 | Found a runed translucent gate.
 41601 | Elf:1    | Bought the Excursus on Company and Coordinates for 756 gold
                  | pieces
 41601 | Elf:1    | Bought the Tome of the Map and Anemomancy for 720 gold
                  | pieces
 41987 | Vaults:1 | Received a gift from Okawaru
 42720 | Vaults:4 | Found Budatz's Jewellery Shoppe.
 42817 | Vaults:4 | Received a gift from Okawaru
 43159 | Vaults:4 | Reached XP level 22. HP: 138/152 MP: 32/37
 43229 | Vaults:4 | Received a gift from Okawaru
 43690 | Vaults:4 | Reached skill level 15 in Translocations
 43737 | Vaults:4 | Identified a scroll of acquirement
 43937 | Vaults:4 | Learned a level 4 spell: Dimensional Bullseye
 43942 | Vaults:5 | Entered Level 5 of the Vaults
 44042 | Vaults:5 | Noticed a golden dragon
 44057 | Vaults:5 | Killed a golden dragon
 44057 | Vaults:5 | Received a gift from Okawaru
 44061 | Vaults:5 | Identified the +9 glaive "Goruf" {protect, *Corrode rN++
                  | Int+4}
 44071 | Arena    | Entered the Arena
 44109 | Vaults:5 | Identified the +3 war axe of Shame {spect, *Rage rPois
                  | Will+}
 44145 | Vaults:5 | Identified the ring "Imepped" {rN+ SInv}
 44252 | Vaults:5 | Got a disorganized book
 44253 | Vaults:5 | Identified the +2 robe "Ybbitz" {Fly MP+9 Int+3}
 44256 | Vaults:5 | Identified the +1 leather armour of Etosoh {Dex+3 Stlth-}
 44262 | Vaults:5 | Identified the +8 demon whip "Boatosh" {drain, Str+7
                  | Stlth+}
 44302 | Vaults:5 | Noticed a golden dragon
 44315 | Vaults:5 | Killed a golden dragon
 44316 | Arena    | Entered the Arena
 44413 | Vaults:5 | Noticed a golden dragon
 44426 | Vaults:5 | Killed a golden dragon
 44488 | Vaults:5 | Noticed a golden dragon
 44499 | Vaults:5 | Killed a golden dragon
 44582 | Vaults:5 | Received a gift from Okawaru
 44592 | Vaults:5 | Reached skill level 15 in Spellcasting
 44627 | Vaults:5 | Identified the +7 hand axe of Painful Death {flame, *Noise
                  | Fly rC+ rN++}
 44659 | Arena    | Entered the Arena
 44854 | Vaults:5 | Identified the +6 hand axe of Beyond {vamp, rN+}
 44859 | Vaults:5 | Reached XP level 23. HP: 142/159 MP: 38/40
 44894 | Vaults:5 | Received a gift from Okawaru
 44938 | Vaults:5 | Noticed Margery
 44954 | Vaults:5 | Killed Margery
 45155 | Vaults:5 | Got a silver rune of Zot
 45208 | Vaults:5 | Identified the +5 plate armour "Borghy" {rF++ Int+3}
 45485 | Vaults:5 | Identified the staff "Ali Megis" {Drain rElec Str+3 Int+2
                  | Dex+2 Stlth+ Air}
 45729 | Vaults:5 | Acquired Maxwell's Memoranda
 46562 | Depths:1 | Entered Level 1 of the Depths
 46604 | Depths:1 | Found a bloodstained altar of Trog.
 46678 | Depths:1 | You are sucked into a shaft and drop 1 floor!
 46942 | Depths:2 | Noticed a caustic shrike
 46956 | Depths:2 | Killed a caustic shrike
 47171 | Depths:2 | Received a gift from Okawaru
 47239 | Depths:2 | Identified the +7 leather armour of Gluttony {rElec}
 47465 | Depths:2 | Found a white marble altar of Elyvilon.
 47575 | Depths:2 | Found a one-way gate leading to the halls of Pandemonium.
 47711 | Depths:2 | Noticed a caustic shrike
 47724 | Depths:2 | Killed a caustic shrike
 48293 | Depths:3 | Received a gift from Okawaru
 48669 | Depths:3 | Paralysed by an air elemental for 1 turns
 48677 | Depths:3 | Paralysed by an air elemental for 1 turns
 48898 | Depths:3 | Acquired 1041 gold pieces
 48902 | Depths:3 | Found a one-way gate to the infinite horrors of the Abyss.
 49167 | Depths:4 | Entered Level 4 of the Depths
 49170 | Depths:4 | Noticed Boris
 49198 | Depths:3 | Killed Boris
 49199 | Depths:3 | Reached XP level 24. HP: 108/166 MP: 21/42
 49591 | Depths:4 | Noticed Sojobo
 49600 | Depths:4 | Paralysed by an air elemental for 1 turns
 49615 | Depths:4 | Paralysed by an air elemental for 1 turns
 49621 | Depths:4 | Paralysed by an air elemental for 1 turns
 49627 | Depths:4 | Paralysed by an air elemental for 1 turns
 49629 | Depths:4 | Killed Sojobo
 49844 | Depths:4 | Found a one-way gateway to a ziggurat.
 49845 | Depths:4 | Noticed Frederick
 49860 | Depths:4 | Killed Frederick
 50148 | Depths:4 | Received a gift from Okawaru
 50245 | Depths:4 | Found a gate to the Realm of Zot.
 51057 | D:8      | Fell from the grace of Okawaru
 51057 | D:8      | Became a worshipper of the Shining One
 51422 | Crypt:1  | Entered Level 1 of the Crypt
 51754 | Crypt:1  | Reached * piety under the Shining One
 51785 | Crypt:1  | Learned a level 8 spell: Disjunction
 51827 | Crypt:1  | Reached ** piety under the Shining One
 51881 | Crypt:1  | Found a runed translucent gate.
 51882 | Crypt:1  | Found a runed translucent gate.
 51882 | Crypt:1  | Found a runed translucent gate.
 51882 | Crypt:1  | Noticed Yzeiphu's ghost (adept OpEE)
 51928 | Crypt:1  | Reached *** piety under the Shining One
 52018 | Crypt:1  | Noticed Khufu
 52021 | Crypt:1  | Noticed a royal mummy
 52042 | Crypt:1  | Killed Khufu
 52062 | Crypt:1  | Killed a royal mummy
 52068 | Crypt:1  | Reached **** piety under the Shining One
 52168 | Crypt:1  | Identified the +3 scale mail of the Forsaken Friars {Harm
                  | rPois Dex+5 Stlth-}
 52550 | Crypt:1  | Killed Yzeiphu's ghost
 52585 | Crypt:1  | Identified the +2 pair of boots of the Grue {rElec rC- rN+
                  | Str+3}
 52753 | Crypt:2  | Reached ***** piety under the Shining One
 52868 | Crypt:2  | Found a runed translucent door.
 52869 | Crypt:2  | Noticed an ancient lich
 53488 | Crypt:2  | Reached ****** piety under the Shining One
 53904 | Crypt:3  | Entered Level 3 of the Crypt
 53966 | Crypt:3  | Identified the +7 spear of Havoc {flame, *Rage rElec rPois
                  | Dex+3}
 54409 | Crypt:3  | Got a quavering book
 54475 | Crypt:3  | Found a staircase to the Tomb.
 54604 | Crypt:3  | Noticed a dread lich
 54614 | Crypt:3  | Killed a dread lich
 54945 | Crypt:3  | Identified the +1 arbalest of the Shouting Gods {flame,
                  | rPois Will+ SInv}
 55160 | Crypt:3  | Found an ancient bone altar of Kikubaaqudgha.
 55235 | Crypt:3  | Reached XP level 25. HP: 147/172 MP: 42/44
 55252 | Crypt:3  | Identified the ring "Immij" {Fly Str+7 Dex+4}
 55254 | Crypt:3  | Identified the +0 scale mail of Ybisukh {+Blink rC- Will-
                  | rCorr}
 55300 | Crypt:3  | Noticed a dread lich
 55313 | Crypt:3  | Killed a dread lich
 55314 | Crypt:3  | Reached skill level 10 in Evocations
 56440 | Slime:1  | Entered Level 1 of the Pits of Slime
 57168 | Slime:2  | Paralysed by a floating eye for 2 turns
 57168 | Slime:2  | Lost mutation: You are dopey. (Int -2) [a shining eye]
 57197 | Slime:2  | Gained mutation: Your magical capacity is very low. (-20%
                  | MP) [a shining eye]
 57199 | Slime:2  | Gained mutation: You are agile. (Dex +4, Str/Int -1) [a
                  | shining eye]
 57720 | Slime:4  | Gained mutation: You occasionally lose the ability to drink
                  | potions when taking damage. [a shining eye]
 57882 | Slime:4  | Identified the +4 tower shield of Bafot {Int+5 Dex+6}
 58485 | Slime:5  | Entered Level 5 of the Pits of Slime
 58794 | Slime:5  | Noticed the Royal Jelly
 59048 | Slime:5  | Found a viscous altar of Jiyva.
 59563 | Slime:5  | Found the +5 demon whip "Spellbinder" {antimagic, disrupt,
                  | Will+}
 59875 | Slime:5  | Killed the Royal Jelly
 59971 | Slime:5  | Identified the staff of a volcano {rC+ rN+ Int+3 Dex-3
                  | Necro Tloc}
 59974 | Slime:5  | Got a slimy rune of Zot
 60039 | Slime:5  | Got a sparkling book
 60047 | Slime:5  | Identified the +9 shortbow of Pohug {freeze, rPois Str+3}
 60061 | Slime:5  | Identified the staff "Rebbeoda" {rElec Dex+2 Air}
 60387 | Slime:5  | Identified the +2 short sword "Qelametz" {freeze, rElec
                  | rN+}
 60598 | Slime:5  | Identified the +3 scale mail "Urghenge" {rElec rF+ Dex+3}
 60614 | Slime:5  | Identified the staff "Giriy" {rElec Dex+2 Air}
 61211 | Zot:1    | Entered Level 1 of the Realm of Zot
 61237 | Zot:1    | Reached skill level 13 in Invocations
 61447 | Zot:2    | Identified the +1 lajatang "Xaitor" {flame, Str+5}
 61641 | Zot:2    | Reached skill level 14 in Invocations
 61991 | Zot:2    | Was forgiven by Okawaru
 62599 | Zot:2    | Reached skill level 15 in Invocations
 63186 | Zot:2    | Learned a level 7 spell: Enfeeble
 63241 | Zot:3    | Reached skill level 1 in Hexes
 63650 | Zot:3    | Found a runed translucent gate.
 63650 | Zot:3    | Found a runed translucent gate.
 63650 | Zot:3    | Found a runed translucent gate.
 63653 | Zot:3    | Noticed Vanouxzi's ghost (master DsGl)
 63777 | Zot:3    | Reached XP level 26. HP: 178/178 MP: 39/39
 64042 | Zot:3    | Reached skill level 16 in Invocations
 64113 | Zot:3    | Reached skill level 5 in Hexes
 64263 | Zot:3    | Identified the +0 leather armour of Absence {rC+ rCorr}
 64286 | Zot:3    | Identified the ring of Sorer {rC+ Slay+2}
 64741 | Zot:3    | Found a basalt altar of Yredelemnul.
 64756 | Zot:3    | Got an odd book
 64765 | Zot:3    | Got an exquisite book
 65257 | Zot:4    | Reached skill level 17 in Invocations
 66014 | Zot:4    | Lost mutation: Your magical capacity is very low. (-20% MP)
                  | [potion of mutation]
 66014 | Zot:4    | Lost mutation: You occasionally lose the ability to drink
                  | potions when taking damage. [potion of mutation]
 66014 | Zot:4    | Lost mutation: Your magical capacity is low. (-10% MP)
                  | [potion of mutation]
 66014 | Zot:4    | Gained mutation: You are dopey. (Int -2) [potion of
                  | mutation]
 66070 | Zot:5    | Entered Level 5 of the Realm of Zot
 66215 | Zot:5    | Reached skill level 18 in Invocations
 66532 | Zot:5    | Reached skill level 10 in Hexes
 67044 | Zot:5    | Noticed a dread lich
 67051 | Zot:5    | Killed a dread lich
 67166 | Zot:5    | Noticed an orb of fire
 67170 | Zot:5    | Gained mutation: You occasionally shout uncontrollably at
                  | your foes. [an orb of fire]
 67176 | Zot:5    | Gained mutation: Your magical capacity is low. (-10% MP)
                  | [an orb of fire]
 67177 | Zot:5    | Killed an orb of fire
 67178 | Zot:5    | Reached skill level 19 in Invocations
 67494 | Zot:5    | Noticed a dread lich
 67494 | Zot:5    | Noticed an orb of fire
 67494 | Zot:5    | Noticed an orb of fire
 67513 | Zot:5    | Killed a dread lich
 67518 | Zot:5    | Noticed an orb of fire
 67521 | Zot:5    | Killed an orb of fire
 67543 | Zot:5    | Killed an orb of fire
 67543 | Zot:5    | Gained mutation: You have hidden genetic defects. [an orb
                  | of fire]
 67551 | Zot:5    | Gained mutation: You sometimes lose your temper in combat.
                  | [an orb of fire]
 67555 | Zot:5    | Gained mutation: Your magical capacity is very low. (-20%
                  | MP) [an orb of fire]
 67564 | Zot:5    | Gained mutation: You do not regenerate when monsters are
                  | visible. [an orb of fire]
 67567 | Zot:5    | Killed an orb of fire
 67568 | Zot:5    | Reached skill level 20 in Invocations
 67706 | Zot:4    | Lost mutation: You are dopey. (Int -2) [potion of mutation]
 67706 | Zot:4    | Lost mutation: You do not regenerate when monsters are
                  | visible. [potion of mutation]
 67706 | Zot:4    | Lost mutation: Your magical capacity is very low. (-20% MP)
                  | [potion of mutation]
 67706 | Zot:4    | Gained mutation: You have large cloven feet. [potion of
                  | mutation]
 67706 | Zot:4    | Gained mutation: You are dopey. (Int -2) [potion of
                  | mutation]
 67706 | Zot:4    | Lost mutation: You have hidden genetic defects. [potion of
                  | mutation]
 68182 | Zot:5    | Reached skill level 15 in Hexes
 68191 | Zot:5    | Noticed an orb of fire
 68200 | Zot:5    | Gained mutation: Armour fits poorly on your strangely
                  | shaped body. [an orb of fire]
 68201 | Zot:5    | Noticed an orb of fire
 68202 | Zot:5    | Killed an orb of fire
 68203 | Zot:5    | Noticed an ancient lich
 68206 | Zot:5    | Gained mutation: Your spells are a little easier to cast,
                  | but a little less powerful. [an orb of fire]
 68208 | Zot:5    | Noticed an orb of fire
 68208 | Zot:5    | Noticed an orb of fire
 68372 | Zot:5    | Killed an orb of fire
 68468 | Zot:5    | Killed an orb of fire
 68477 | Zot:5    | Killed an ancient lich
 68543 | Zot:5    | Lost mutation: You are agile. (Dex +4, Str/Int -1) [an orb
                  | of fire]
 68546 | Zot:5    | Killed an orb of fire
 68608 | Zot:5    | Reached XP level 27. HP: 184/184 MP: 44/44
 68638 | Zot:5    | Reached skill level 21 in Invocations
 68698 | Zot:5    | Lost mutation: Your body sometimes deteriorates upon taking
                  | damage. [potion of mutation]
 68698 | Zot:5    | Lost mutation: You have large cloven feet. [potion of
                  | mutation]
 68698 | Zot:5    | Lost mutation: Your magical capacity is low. (-10% MP)
                  | [potion of mutation]
 68698 | Zot:5    | Gained mutation: You expend magic power (3 MP) to
                  | strengthen your wands. [potion of mutation]
 68698 | Zot:5    | Lost mutation: You are dopey. (Int -2) [potion of mutation]
 68699 | Zot:5    | Lost mutation: You sometimes lose your temper in combat.
                  | [potion of mutation]
 68699 | Zot:5    | Lost mutation: You occasionally shout uncontrollably at
                  | your foes. [potion of mutation]
 68699 | Zot:5    | Gained mutation: You are clumsy. (Dex -2) [potion of
                  | mutation]
 68699 | Zot:5    | Gained mutation: You have hidden genetic defects. [potion
                  | of mutation]
 68699 | Zot:5    | Gained mutation: You are dopey. (Int -2) [potion of
                  | mutation]
 68700 | Zot:5    | Lost mutation: You expend magic power (3 MP) to strengthen
                  | your wands. [potion of mutation]
 68700 | Zot:5    | Lost mutation: You have hidden genetic defects. [potion of
                  | mutation]
 68700 | Zot:5    | Gained mutation: You passively dampen the noise of your
                  | surroundings. [potion of mutation]
 68700 | Zot:5    | Gained mutation: You occasionally lose the ability to read
                  | scrolls when taking damage. [potion of mutation]
 68701 | Zot:5    | Lost mutation: Your spells are a little easier to cast, but
                  | a little less powerful. [potion of mutation]
 68701 | Zot:5    | Lost mutation: You are clumsy. (Dex -2) [potion of
                  | mutation]
 68701 | Zot:5    | Lost mutation: You are dopey. (Int -2) [potion of mutation]
 68701 | Zot:5    | Gained mutation: Your natural rate of healing is unusually
                  | fast. [potion of mutation]
 68701 | Zot:5    | Gained mutation: You occasionally lose the ability to drink
                  | potions when taking damage. [potion of mutation]
 68701 | Zot:5    | Gained mutation: You have hidden genetic potential. [potion
                  | of mutation]
 68702 | Zot:5    | Lost mutation: You passively dampen the noise of your
                  | surroundings. [potion of mutation]
 68702 | Zot:5    | Lost mutation: Your natural rate of healing is unusually
                  | fast. [potion of mutation]
 68702 | Zot:5    | Gained mutation: Your body sometimes deteriorates upon
                  | taking damage. [potion of mutation]
 68702 | Zot:5    | Gained mutation: Your muscles are strong. (Str +4, Int/Dex
                  | -1) [potion of mutation]
 68703 | Zot:5    | Lost mutation: Armour fits poorly on your strangely shaped
                  | body. [potion of mutation]
 68703 | Zot:5    | Lost mutation: You occasionally lose the ability to read
                  | scrolls when taking damage. [potion of mutation]
 68703 | Zot:5    | Lost mutation: Your body sometimes deteriorates upon taking
                  | damage. [potion of mutation]
 68703 | Zot:5    | Gained mutation: You have a pair of small horns on your
                  | head. [potion of mutation]
 68703 | Zot:5    | Gained mutation: Your magical capacity is low. (-10% MP)
                  | [potion of mutation]
 68703 | Zot:5    | Gained mutation: You are strong-willed. (Will+) [potion of
                  | mutation]
 68703 | Zot:5    | Gained mutation: You are partially covered in iridescent
                  | scales. (AC +2) [potion of mutation]
 68804 | Zot:5    | Lost mutation: You have a pair of small horns on your head.
                  | [potion of mutation]
 68804 | Zot:5    | Lost mutation: Your magical capacity is low. (-10% MP)
                  | [potion of mutation]
 68804 | Zot:5    | Gained mutation: You occasionally shout uncontrollably at
                  | your foes. [potion of mutation]
 68805 | Zot:5    | Lost mutation: Your muscles are strong. (Str +4, Int/Dex
                  | -1) [potion of mutation]
 68805 | Zot:5    | Lost mutation: You are strong-willed. (Will+) [potion of
                  | mutation]
 68805 | Zot:5    | Lost mutation: You occasionally lose the ability to drink
                  | potions when taking damage. [potion of mutation]
 68805 | Zot:5    | Gained mutation: You occasionally lose the ability to read
                  | scrolls when taking damage. [potion of mutation]
 68805 | Zot:5    | Gained mutation: Your system is resistant to poisons.
                  | (rPois) [potion of mutation]
 69249 | Zot:1    | Identified the +6 tower shield of Rotokhon {+Blink rF+ rC+}
 69698 | Pan      | Entered Pandemonium
 69820 | Pan      | Identified the +0 plate armour of the Burnt God {rC+}
 70080 | Pan      | Identified the +0 pair of gloves of the Endless Expanse
                  | {Dex+2 Stlth+}
 70119 | Pan      | Reached skill level 22 in Invocations
 70123 | Pan      | Noticed Ymee the pandemonium lord
 70255 | Pan      | Killed Ymee the pandemonium lord
 71097 | Pan      | Entered the realm of Cerebov.
 71233 | Pan      | Got a rare book
 71285 | Pan      | Identified the ring "Ticviddas" {rC+ Int+3}
 71446 | Pan      | Found the +6 sword of Cerebov {flame}
 71446 | Pan      | Noticed Cerebov
 72231 | Pan      | Identified a +9 longbow of holy wrath (a +9 longbow of
                  | freezing blessed by the Shining One)
 72231 | Pan      | Received a gift from the Shining One
 72249 | Pan      | Killed Cerebov
 72250 | Pan      | Reached skill level 23 in Invocations
 72481 | Pan      | Got a fiery rune of Zot
 72548 | Pan      | Entered the realm of Gloorx Vloq.
 72989 | Pan      | Noticed Gloorx Vloq
 73004 | Pan      | Killed Gloorx Vloq
 73122 | Pan      | Got a dark rune of Zot
 73284 | Pan      | Entered the realm of Lom Lobon.
 73338 | Pan      | Gained mutation: You are robust. (+10% HP) [hidden
                  | potential]
 73557 | Pan      | Reached skill level 24 in Invocations
 73563 | Pan      | Noticed Lom Lobon
 73587 | Pan      | Got a magical rune of Zot
 73996 | Pan      | Found an exit through the horrors of the Abyss.
 74300 | Pan      | Killed Lom Lobon
 74614 | Pan      | Noticed Neris the pandemonium lord
 74633 | Pan      | Killed Neris the pandemonium lord
 74667 | Pan      | Entered the realm of Mnoleg.
 74691 | Pan      | Found an exit through the horrors of the Abyss.
 74891 | Pan      | Gained mutation: Your spells are a little easier to cast,
                  | but a little less powerful. [a neqoxec]
 74987 | Pan      | Gained mutation: You are vulnerable to cold. (rC-) [a
                  | neqoxec]
 75009 | Pan      | Noticed Mnoleg
 75029 | Pan      | Killed Mnoleg
 75078 | Pan      | Got a glowing rune of Zot
 75182 | Pan      | Noticed Uchoruvi the pandemonium lord
 75202 | Pan      | Found an exit through the horrors of the Abyss.
 75332 | Pan      | Reached skill level 25 in Invocations
 75492 | Pan      | Identified the +1 leather armour of Death Resistance
                  | {Will++}
 75585 | Pan      | Noticed Woupp the pandemonium lord
 75608 | Pan      | Killed Woupp the pandemonium lord
 75849 | Pan      | Found an exit through the horrors of the Abyss.
 76322 | Pan      | Noticed Ciengyw the pandemonium lord
 76337 | Pan      | Killed Ciengyw the pandemonium lord
 76569 | Pan      | Noticed Akeobim the pandemonium lord
 76578 | Pan      | Killed Akeobim the pandemonium lord
 76605 | Pan      | Lost mutation: You are robust. (+10% HP) [a cacodemon]
 76749 | Pan      | Found a transporter.
 76815 | Pan      | Identified the +8 spear "Unaipug" {flame, *Slow rElec Str+6
                  | Stlth+}
 76920 | Pan      | Gained mutation: You are agile. (Dex +4, Str/Int -1)
                  | [hidden potential]
 76920 | Pan      | Lost mutation: You have hidden genetic potential. [hidden
                  | potential expressed]
 77109 | Pan      | Found a transporter.
 77117 | Pan      | Paralysed by a Zot trap for 5 turns
 77126 | Pan      | Noticed Ignacio
 77130 | Pan      | HP: 5/192 [Ignacio/+5 executioner's axe of pain (6)]
 77130 | Pan      | HP: 2/192 [Ignacio/+5 executioner's axe of pain (3)]
 77130 | Pan      | Slain by Ignacio

Illustrated notes

.# #...# #..........#
#...######. .# #...#
#.####...#####..........
.###...#
#.#....8....##..........
.......#
#.#.........##..######..
####...#
#.#.........##.)# #.. #
#...# #.#.........##..#
#.. # #...#
#............#..# #.. #
#...# #............#.[#
#.. #
#...###..8...@...8.)..#
#.. #
#.....................#
#.. #
#...####...........#..#
#.. # #...#
##.........##..# #.. #
#...# #.........##..#
#.. # #...#
#.........##..# #.. #
#...# #....8....#...#
#.. # #...#
#####...####...# #.. #
#...# #..###...# ##..#
#..


Turn 20967 on D:9: 1

Levels and vault maps discovered:
D:1:      dpeg_arrival_arbitrary_b, layout_basic, serial_glass, glass_columns_b,
          glass_columns_b, glass_columns_a, glass_columns_a,
          due_unseen_surprise, minmay_strange_pillars, nicolae_grassy_gnolls
D:2:      cheibrodos_fertilizer, layout_loops_ring, grunt_decor_one_mirror
D:3:      layout_basic, gammafunk_ghost_split, gup_sewer_entry_spiral
D:4:      layout_rooms, mainiacjoe_overflow_brackets,
          mainiacjoe_overflow_alcove_4, minmay_temple_entry_trees,
          kennysheep_generic_room_4
D:5:      layout_basic, mainiacjoe_overflow_tiny_flanked,
          yredelemnul_altar_generic, jmf_multi_god_temple2
D:6:      layout_basic, serial_shops, nicolae_shop_pleasant_corner_grove
D:7:      layout_basic, uniq_menkaure, uniq_joseph
D:8:      layout_basic, mainiacjoe_overflow_paths, tso_oasis_becter,
          david_lair_generic, nicolae_zen_rock_garden, nrook_uturn
D:9:      layout_long_grid, zombieorc2_lemuel, grunt_decor_resistance,
          chequers_serial_rivers_micro_b, uniq_grum
D:10:     cheibrodos_iron_armory, layout_rooms, mainiacjoe_overflow_alcove_2,
          dreamdust_deal_with_the_devil, minmay_shop_mass, uniq_psyche
D:11:     hangedman_screamer, layout_basic
D:12:     layout_roguey, lemuel_flamethrower_3
D:13:     layout_loops_ring, skrybe_vaults_entry_preservation,
          ebering_ghost_gozag, lemuel_blue_sif_altar
D:14:     layout_basic, serial_bayou_pond_a, uniq_josephine
D:15:     hangedman_depths_entry_try_elsewhere_first, layout_irregular_city,
          chequers_jeans
Lair:1:   layout_concentric_octagons, nzn_ghost_randoct, gauntlet_entry_generic,
          minmay_lair_oklob_items, uniq_sonja
Lair:2:   layout_small_grid, uniq_prince_ribbit2, uniq_urug
Lair:3:   layout_roguey, skrybe_swamp_entry_bodies,
          nicolae_spider_entry_non_spiders, forest_entry_grove,
          grunt_megastairs_1
Lair:4:   layout_hall_layers, nicolae_slime_entry_field_trip,
          serial_bayou_lake_a
Lair:5:   evil_forest, layout_loops_ring, minmay_shattered_shrine,
          grunt_megastairs_4
Swamp:1:  layout_basic_swamp, serial_swamp_ruin, hangedman_swamp_ruin_wall,
          evilmike_swamp_ruin_house_5, evilmike_swamp_ruin_house_6,
          nicolae_swamp_drake_lake, infiniplex_staircase_pool, uniq_kirke,
          uniq_jorgrun
Swamp:2:  nicolae_swamp_secret_spriggan_hideout, layout_falls_marsh,
          evilmike_swamp_ruin_house_3, swamp_pool3, st_shrine_of_shade
Swamp:3:  layout_basic_swamp, evilmike_swamp_ruin_rubble_2,
          infiniplex_staircase_pool_2
Swamp:4:  swamp_icy, layout_basic_swamp, portal_ice_cave_entry_ice_statue_one
Spider:1: layout_spider_delve, gammafunk_ghost_mausoleum,
          nicolae_spider_webs_and_nodes, hellmonk_test_site
Spider:2: layout_chambers
Spider:3: layout_cave_pods
Spider:4: hellmonk_spider_rune_endless_swarm
Slime:1:  layout_caves, cheibrodos_slime_lost_civilization_4
Slime:2:  layout_caves, nicolae_slime_getting_an_eyeful
Slime:3:  layout_caves, nicolae_slime_round_cave
Slime:4:  layout_caves
Slime:5:  slime_pit_nicolae_inversion
Orc:1:    hellmonk_paralyzer, layout_caves, lightli_orcish_oven
Orc:2:    st_orc_mages, layout_diamond_mine
Elf:1:    minmay_elf_arrival_plus, layout_gridlike, minivault_28,
          nicolae_take_the_stairs, corexii_leaking_fountain,
          nicolae_elf_hall_of_bonks, minmay_shop_grove, uniq_aizul
Elf:2:    elven_hall_of_blades_hangedman_original
          [nicolae_blade_entry_pointy_end], layout_gridlike, serial_shops,
          nicolae_shop_pleasant_corner_grove, shop, shop, shop,
          nicolae_shop_just_a_little_nook, minmay_shop_mayhem,
          lemuel_upstairs_altar
Elf:3:    elf_hall, layout_geoelf_octagon, nicolae_trove_entry_crystal,
          serial_shops, shop, minivault_16, serial_sigils_hangedman_stare
Vaults:1: mu_enter_wizlab_2, nicolae_vaults_tetromino_Z_2,
          nicolae_vaults_little_squares_3, hangedman_vaults_hat,
          nicolae_vaults_closet_pinwheel_2, nicolae_vaults_tangram_1,
          nicolae_vaults_antechamber_and_loot_room,
          nicolae_vaults_mini_display_case, layout_vaults_chaotic_city
Vaults:2: nicolae_vaults_little_squares_3, v_pattern_1, not_door_vault_due,
          hangedman_vaults_river_flow, v_rooms_2, nicolae_vaults_wine_cellar,
          nicolae_vaults_closet_pinwheel_4, vaults_room_door_hall,
          nicolae_vaults_layer_cake_slice, grunt_vaults_hallway_short,
          nicolae_vaults_two_Ls, nicolae_vaults_angled_halls,
          layout_vaults_omnicross, serial_shops, bzr_entry_safe
Vaults:3: biasface_ghost_orc_armoury, minmay_crypt_entry_necro_gods,
          nicolae_vaults_network_periphery, nicolae_vaults_sealed_display,
          grunt_vaults_bifocal, nicolae_vaults_double_plus_2,
          nicolae_vaults_alarming, vaults_dpeg_doors,
          ontoclasm_vaults_loading_screen, nicolae_vaults_network_quinsquares
          [nicolae_vaults_network_quincunx_subvault,
          nicolae_vaults_network_quincunx_subvault,
          nicolae_vaults_network_quincunx_subvault,
          nicolae_vaults_network_quincunx_subvault], nicolae_vaults_trapezoid_4,
          vaults_mumra_hex, grunt_vaults_trifunnel, v_misc_14,
          layout_vaults_maze_snakey, uniq_mara
Vaults:4: vaults_room_grid, vaults_mumra_minichess,
          nicolae_vaults_surprise_closet, nicolae_vaults_weapon_check,
          nicolae_vaults_little_squares_2, vaults_mumra_minichess_inversion,
          nicolae_vaults_quadrants, nicolae_vaults_tetromino_Z_1,
          vaults_room_hallway, nicolae_vaults_two_Ls,
          nicolae_vaults_sightless_eye, vaults_dpeg_cross,
          nicolae_vaults_house_1, layout_vaults_ring, serial_shops, shop_statue
Vaults:5: uniq_margery
Crypt:1:  layout_regular_city, gammafunk_ghost_split, uniq_khufu
Crypt:2:  cheibrodos_crypt_cold_storage, layout_gridlike, skrybe_necro_troll_2
Crypt:3:  quadcrypt_mu
Depths:1: kennysheep_treasure_stockpile, layout_cross, hellmouth_1,
          lemuel_round_altar, nicolae_dithmenos_the_darkroom
Depths:2: nooodl_heptagram, layout_gridlike, rand_demon_pan_entry_8, hell_entry,
          elyvilon_altar_5
Depths:3: constructs_gauntlet_mu_hangedman, layout_basic,
          pf_hell_entry_great_geh, abyss_entry_crystal,
          infiniplex_staircase_split_hallway
Depths:4: grunt_zot_entry_alcove, layout_honeycomb, enter_ziggurat_c,
          minmay_misc_feat_roman, pf_coc_iceberg, serial_bayou_shore_a,
          grunt_megastairs_3, uniq_boris, uniq_sojobo, uniq_frederick
Zot:1:    layout_onion_interference, grunt_ministairs_1
Zot:2:    layout_misc_corridors
Zot:3:    nicolae_zot_draconian_monastery, layout_cathedral_of_symmetry,
          gammafunk_ghost_ooze
Zot:4:    layout_misc_corridors, st_stairs_3, nicolae_zot_crop_circle
Zot:5:    layout_basic
Pan:      grunt_pan_sceptre, layout_gridville, pan_blood_fountain_small,
          rand_demon_7, layout_chambers, special_room [special_room_demon_pit],
          pan_blood_fountain_small, evilmike_mini_pan_other_thingy,
          layout_grid_shapes, evilmike_mini_pan_branches, layout_irregular_city,
          evilmike_mini_pan_doors, layout_onion_city, nicolae_pan_mnolegish_3,
          cerebov, layout_pan_divisions_a [pan_division_quadrant_a2,
          pan_division_quadrant_a2, pan_division_quadrant_a4,
          pan_division_quadrant_a6, pan_division_octagon_empty],
          grunt_pan_sceptre, layout_pan_divisions_a [pan_division_quadrant_a4,
          pan_division_quadrant_a6, pan_division_quadrant_a3,
          pan_division_quadrant_a5, pan_division_octagon_box],
          reaverb_pan_squares, gloorx_vloq_grunt, layout_gridlike,
          nicolae_pan_mnolegish_1, lom_lobon, layout_gridlike,
          pan_blood_fountain_small, pan_blood_fountain,
          evilmike_mini_pan_other_thingy, layout_gridlike, pan_blood_fountain_2,
          nicolae_pan_gloorx_vloqian_4, mnoleg, layout_small_grid,
          pan_blood_fountain_small, rand_demon_8, layout_rooms,
          pan_blood_fountain_small, rand_demon_8, layout_onion_city,
          rand_demon_4, layout_cellular_growth, evilmike_mini_pan_pillars_b,
          layout_chambers, rand_demon_5, layout_basic, uniq_mennas_pan,
          rand_demon_3, layout_cellular_growth, rand_demon_8, layout_gridville,
          uniq_ignacio, evilmike_mini_pan_pillars_b, layout_gridlike,
          nicolae_pan_sigil_uleosi, rand_demon_3, layout_grid_shapes,
          uniq_mennas_pan, grunt_pan_zigzag, layout_long_grid,
          pan_blood_fountain_small, nicolae_the_louvre, evilmike_mini_pan_3x3,
          layout_gridville, nicolae_pan_mnolegish_4, reaverb_pan_chaos_star,
          rand_demon_1, layout_onion_city, uniq_ignacio, gammafunk_its_a_trap,
          layout_rooms, pan_blood_fountain_small, uniq_ignacio

Skill      XL: |  1  2  3  4  5  6  7  8  9 10 11 12 13 14 15 16 17 18 19 20 21 22 23 24 25 26 27 |
---------------+----------------------------------------------------------------------------------+-----
Fighting       | 2 3 4 5 6 7 8 9 10 13 14 15 18 20 21 24 | 24.6
Ranged Weapons | 6 8 9 10 12 13 15 16 18 20 | 20.0
Dodging        | 3 5 8 12 13 14 16 20 21 22 23 | 23.0
Invocations    | 3 4 8 10 12 15 20 25 | 25.7
Evocations     | 6 9 12 | 12.0
Stealth        | 7 10 | 10.0
Armour         | 2 10 11 | 11.0
Spellcasting   | 11 12 13 15 17 19 20 | 20.0
Translocations | 9 14 16 17 20 22 | 22.0
Hexes          | 4 15 17 | 17.7

Action                     |  1- 3 |  4- 6 |  7- 9 | 10-12 | 13-15 | 16-18 | 19-21 | 22-24 | 25-27 || total
---------------------------+-------+-------+-------+-------+-------+-------+-------+-------+-------++-------
  Melee: Longbow           |       |       |       |       |       |       |       |       |    18 ||    18
   Fire: Shortbow          |    93 |   141 |       |       |       |       |       |       |       ||   234
         Orcbow            |       |    31 |   397 |   903 |       |       |       |       |       ||  1331
         Longbow           |       |       |       |   101 |  1180 |  1610 |  1970 |  2364 |  3235 || 10460
  Throw: Throwing net      |       |       |     1 |       |       |       |       |       |     1 ||     2
   Cast: Dispersal         |       |       |       |       |       |       |     3 |       |       ||     3
         Dimensional Bulls |       |       |       |       |       |       |       |     1 |       ||     1
         Disjunction       |       |       |       |       |       |       |       |       |     1 ||     1
         Enfeeble          |       |       |       |       |       |       |       |       |     6 ||     6
 Invoke: Heroism           |       |       |       |     3 |     2 |     9 |     9 |    15 |       ||    38
         Finesse           |       |       |       |     3 |     1 |     3 |     3 |     6 |       ||    16
         Receive Weapon    |       |       |       |     1 |       |       |       |       |       ||     1
         Receive Armour    |       |       |       |       |     1 |       |       |       |       ||     1
         Duel              |       |       |       |       |       |     1 |     1 |     3 |       ||     5
         Summon Divine War |       |       |       |       |       |       |       |       |    24 ||    24
         Cleansing Flame   |       |       |       |       |       |       |       |       |    51 ||    51
         Brand Weapon With |       |       |       |       |       |       |       |       |     1 ||     1
  Evoke: Wand              |       |       |     5 |     2 |     2 |       |     1 |     2 |     3 ||    15
         Tin of tremorston |       |       |       |       |       |       |       |       |     4 ||     4
         Phial of floods   |       |       |       |       |       |       |       |       |     1 ||     1
    Use: Scroll            |     1 |     6 |     7 |     9 |     9 |    13 |     9 |     8 |    28 ||    90
         Potion            |       |       |     2 |     5 |     2 |     4 |     3 |     7 |    43 ||    66
 Armour: Leather armour    |     6 |     5 |       |       |       |       |       |       |       ||    11
         Troll leather arm |       |     6 |   140 |   262 |   200 |   283 |   340 |   467 |   852 ||  2550
         Skin              |       |       |       |    26 |       |       |       |       |       ||    26
  Dodge: Dodged            |    11 |    17 |   203 |   508 |   485 |   595 |  1173 |  1248 |  2220 ||  6460

Table legend: (Time is in decaauts)
 A = Elapsed time spent in this place.
 B = Non-inter-level travel time spent in this place.
 C = Inter-level travel time spent in this place.
 D = Time resting spent in this place.
 E = Time spent auto-exploring this place.
 F = Levels seen in this place.
 G = Mean time per level.
                   A        B        C        D        E       F      G
               +--------+--------+--------+--------+--------+-----+--------+
         Total |  74491 |  66014 |   8477 |  12588 |  34849 |  91 |  818.6 |
       Dungeon |  16055 |  12951 |   3104 |   1661 |   8028 |  15 | 1070.3 |
          Lair |   5336 |   4452 |    884 |    327 |   3244 |   5 | 1067.2 |
         Swamp |   2963 |   2599 |    364 |    237 |   1578 |   4 |  740.8 |
   Spider Nest |   4153 |   3968 |    185 |    699 |   2464 |   4 | 1038.2 |
    Slime Pits |   3832 |   3593 |    239 |   1364 |   1254 |   5 |  766.4 |
  Orcish Mines |   2749 |   2580 |    169 |    645 |   1534 |   2 | 1374.5 |
   Elven Halls |   4005 |   3335 |    670 |    831 |   1524 |   3 | 1335.0 |
        Vaults |   8049 |   6813 |   1236 |    809 |   3991 |   5 | 1609.8 |
         Crypt |   4112 |   3803 |    309 |    493 |   2314 |   3 | 1370.7 |
        Depths |   4272 |   3631 |    641 |    743 |   2037 |   4 | 1068.0 |
           Zot |   8146 |   7474 |    672 |   2978 |   2866 |   5 | 1629.2 |
         Abyss |    894 |    894 |      0 |     91 |    126 |   3 |  298.0 |
   Pandemonium |   7069 |   7069 |      0 |   1250 |   2633 |  24 |  294.5 |
         Sewer |    287 |    287 |      0 |    100 |     65 |   1 |  287.0 |
      Ice Cave |    757 |    757 |      0 |     50 |    412 |   1 |  757.0 |
        Wizlab |   1073 |   1073 |      0 |     96 |    547 |   1 | 1073.0 |
      Gauntlet |    611 |    611 |      0 |    163 |    229 |   1 |  611.0 |
         Arena |    120 |    120 |      0 |     45 |      0 |   5 |   24.0 |
               +--------+--------+--------+--------+--------+-----+--------+

Top non-repeatable levels by time:
   Zot:5: 2651 daAuts
   Zot:2: 2244 daAuts
   Orc:2: 2141 daAuts
 Slime:5: 2092 daAuts
    D:11: 2044 daAuts
 Crypt:3: 2003 daAuts
Vaults:2: 1978 daAuts
     D:9: 1755 daAuts
   Elf:3: 1724 daAuts
   Zot:3: 1705 daAuts
Vaults:5: 1590 daAuts
Vaults:4: 1571 daAuts
Vaults:1: 1553 daAuts
Depths:4: 1423 daAuts
Spider:2: 1412 daAuts
